 Dungeon Crawl Stone Soup version 0.30-a0-722-g3e6e8c874d (webtiles) character file.

Game seed: 10372238786706891786

41 theblackgale the Cleaver (level 3, -2/25 HPs)
             Began as a Gnoll Wanderer on Jan 27, 2023.
             Slain by a gnoll
             ... wielding a +0 whip
              (9 damage)
             ... on level 2 of the Dungeon.
             The game lasted 00:04:15 (301 turns).

theblackgale the Cleaver (Gnoll Wanderer)            Turns: 301, Time: 00:04:15

Health: -2/25      AC:  4    Str:  8 (11) XL:     3   Next: 52%
Magic:  2/4        EV: 13    Int: 10 (11) God:
Gold:   78         SH:  0    Dex: 19      Spells: 3/3 levels left

rFire   . . .      SeeInvis .    a - +3 hand axe
rCold   . . .      Faith    .    (no shield)
rNeg    . . .      Spirit   .    e - +0 robe
rPois   .          Reflect  .    c - +1 helmet
rElec   .          Harm     .    (no cloak)
rCorr   .          Rampage  .    (no gloves)
Will    .....                    (no boots)
Stlth   ++                       (no amulet)
HPRegen 0.24/turn                g - +6 ring of dexterity
MPRegen 0.09/turn                (no ring)

@: no status effects
A: fangs 1, strong nose, distributed training
a: no special abilities


You were on level 2 of the Dungeon.
You visited 1 branch of the dungeon, and saw 2 of its levels.

You collected 78 gold pieces.

Inventory:

Hand Weapons
 a - a +3 hand axe (weapon)
Armour
 c - a +1 helmet (worn)
 e - a +0 robe (worn)
Jewellery
 g - a +6 ring of dexterity (left hand)
Potions
 b - a potion of curing {unknown}
 d - a potion of berserk rage
 f - a potion of degeneration


   Skills:
 + Level 0.9 Fighting
 + Level 0.9 Short Blades
 + Level 8.5 Long Blades
 + Level 8.5 Axes
 + Level 0.9 Maces & Flails
 + Level 0.9 Polearms
 + Level 0.9 Staves
 + Level 0.9 Ranged Weapons
 + Level 2.6 Throwing
 + Level 0.9 Armour
 + Level 2.6 Dodging
 + Level 0.9 Stealth
 + Level 0.9 Shields
 + Level 0.9 Unarmed Combat
 + Level 0.9 Spellcasting
 + Level 0.6 Conjurations
 + Level 0.6 Hexes
 + Level 0.6 Summonings
 + Level 0.6 Necromancy
 + Level 0.6 Translocations
 + Level 0.6 Transmutations
 + Level 0.6 Fire Magic
 + Level 0.6 Ice Magic
 + Level 0.6 Air Magic
 + Level 0.6 Earth Magic
 + Level 0.6 Poison Magic
 + Level 1.0 Invocations
 + Level 0.9 Evocations


You had 3 spell levels left.
You didn't know any spells.
Your spell library contained the following spells:

 Spells                   Type           Power      Damage    Failure   Level
 Ignite Poison            Fire/Tmut/Pois 1%         N/A       63%         3
 Kindle Blastsparks       Fire/Tloc/Air  2%         2d10      63%         3
 Freezing Cloud           Conj/Ice/Air   0%         6-21      100%        5


Dungeon Overview and Level Annotations

Branches:
Dungeon (2/15)

Altars:


Innate Abilities, Weirdness & Mutations

You have very sharp teeth.
Your uncanny sense of smell can sniff out nearby items.
Your experience applies equally to all skills.


Message History

g - a +6 ring of dexterity (left hand)
A gnoll comes into view. It is wielding a +0 whip.
The gnoll shouts!
The gnoll hits you with a +0 flail!
Ouch! That really hurt!
You slash the gnoll!
The gnoll is heavily wounded.
The gnoll hits you with a +0 flail.
An endoplasm comes into view.
The endoplasm quivers.
You hit the gnoll but do no damage.
The gnoll is heavily wounded.
The gnoll barely misses you.
You hit the gnoll.
You kill the gnoll!
You hit the gnoll. The gnoll closely misses you.
You have reached level 3!
Your experience leads to an increase in your attributes!
Your base attributes are Str 9, Int 11, Dex 13.
Increase (S)trength, (I)ntelligence, or (D)exterity?
You feel stronger. x2
You hit the gnoll.
The gnoll is severely wounded.
You hit the gnoll.
You kill the gnoll!
You hit the gnoll.
You feel your dexterity returning.
Your Invocations skill increases to level 1!
You hit the gnoll.
The gnoll is moderately wounded.
The gnoll barely misses you.
You barely miss the gnoll.
The gnoll is moderately wounded.
You barely miss the gnoll. The gnoll hits you but does no damage.
The gnoll closely misses you.
You barely miss the gnoll. You hit the gnoll.
The gnoll hits you with a +0 club.
* * * LOW HITPOINT WARNING * * *
The gnoll hits you with a +0 whip!
You die...

#..[...<.....##
#.##..#........
#..#........ #
#......#.##.##
#.##..#.........
#........##.##.#
#.##......#.##.#
#
#...........####.
#.###....@)......
... #....gg..##.#
### ...........#
##.......J.#
##.#.#....#
#..........
#.#.#....$.
#...#.......


You could see 2 gnolls and an endoplasm.

Vanquished Creatures
  2 gnolls (D:2)
  2 ball pythons (D:1)
  A bat (D:1)
  5 endoplasms (D:1)
  A giant cockroach (D:1)
  A goblin (D:1)
  4 jackals (D:1)
  A frilled lizard (D:1)
  2 rats (D:1)
19 creatures vanquished.

Notes
Turn   | Place    | Note
-------+----------+-------------------------------------------
     0 | D:1      | theblackgale the Gnoll Wanderer began the quest for the
                  | Orb.
     0 | D:1      | theblackgale set off with the following items: a +2 hand
                  | axe, a +0 falchion, a +0 helmet, a potion of berserk rage,
                  | a +0 robe.
     0 | D:1      | Reached XP level 1. HP: 13/13 MP: 1/1
   102 | D:1      | Reached XP level 2. HP: 19/19 MP: 2/2
   297 | D:2      | Reached XP level 3. HP: 10/25 MP: 2/4
   299 | D:2      | Reached skill level 1 in Invocations
   301 | D:2      | Slain by a gnoll

Illustrated notes

Levels and vault maps discovered:
D:1:      kennysheep_arrival_seaside, layout_basic
D:2:      layout_basic, uniq_robin

Skill      XL: |  1  2  3 |
---------------+----------+-----
Invocations    | 1 |  1.0
Fighting       | |  0.9
Short Blades   | |  0.9
Long Blades    | |  8.5
Axes           | |  8.5
Maces & Flails | |  0.9
Polearms       | |  0.9
Staves         | |  0.9
Ranged Weapons | |  0.9
Throwing       | |  2.6
Armour         | |  0.9
Dodging        | |  2.6
Stealth        | |  0.9
Shields        | |  0.9
Unarmed Combat | |  0.9
Spellcasting   | |  0.9
Conjurations   | |  0.6
Hexes          | |  0.6
Summonings     | |  0.6
Necromancy     | |  0.6
Translocations | |  0.6
Transmutations | |  0.6
Fire Magic     | |  0.6
Ice Magic      | |  0.6
Air Magic      | |  0.6
Earth Magic    | |  0.6
Poison Magic   | |  0.6
Evocations     | |  0.9

Action                     || total
---------------------------++-------
  Melee: Hand axe          ||    39
         Bite              ||     2
    Use: Scroll            ||     4
         Potion            ||     1
   Stab: Sleeping          ||     1
 Armour: Robe              ||     9
  Dodge: Dodged            ||    25

Table legend: (Time is in decaauts)
 A = Elapsed time spent in this place.
 B = Non-inter-level travel time spent in this place.
 C = Inter-level travel time spent in this place.
 D = Time resting spent in this place.
 E = Time spent auto-exploring this place.
 F = Levels seen in this place.
 G = Mean time per level.
                   A        B        C        D        E       F      G
               +--------+--------+--------+--------+--------+-----+--------+
         Total |    295 |    117 |    178 |      0 |      0 |   2 |  147.5 |
       Dungeon |    295 |    117 |    178 |      0 |      0 |   2 |  147.5 |
               +--------+--------+--------+--------+--------+-----+--------+

Top non-repeatable levels by time:
     D:1: 273 daAuts
     D:2: 22 daAuts
